 Dungeon Crawl Stone Soup version 0.26-a0-639-g72c4674329 (webtiles) character file.

Game seed: 11206627790088903461

90 PentaManta the Chopper (level 4, -6/35 HPs)
             Began as a Formicid Abyssal Knight on Sept 19, 2020.
             Was a Believer of Lugonu.
             Mangled by Natasha (7 damage)
             ... on level 2 of the Dungeon.
             The game lasted 00:07:00 (2734 turns).

PentaManta the Chopper (Formicid Abyssal Knight)    Turns: 2734, Time: 00:07:00

Health: -6/35      AC:  5    Str: 17    XL:     4   Next: 85%
Magic:  5/5        EV: 10    Int: 12    God:    Lugonu [**....]
Gold:   109        SH:  0    Dex: 10    Spells: 3/3 levels left

rFire    . . .     SeeInvis +   i - -2 spear (curse)
rCold    . . .     Faith    .   (no shield)
rNeg     + . .     Spirit   .   d - +0 ring mail
rPois    .         Reflect  .   (helmet unavailable)
rElec    .         Harm     .   (no cloak)
rCorr    .         Rampage  .   (no gloves)
MR       .....                  (no boots)
Stlth    ..........             g - amulet of the acrobat
HPRegen  0.11/turn              l - ring of positive energy
MPRegen  0.09/turn              (no ring)

@: no status effects
A: permanent stasis, dig shafts and tunnels, four strong arms, antennae 3
a: Dig, Shaft Self, Depart the Abyss, Bend Space, Renounce Religion


You were on level 2 of the Dungeon.
You worshipped Lugonu.
Lugonu was pleased with you.
You visited 1 branch of the dungeon, and saw 3 of its levels.
You visited the Abyss 1 time.

You collected 109 gold pieces.

Inventory:

Hand Weapons
 a - a +1 hand axe
 i - a cursed -2 spear (weapon)
 k - a +2 dagger of speed
Missiles
 n - 24 poisoned darts (quivered)
Armour
 b - a +0 leather armour
 c - a +0 plate armour
 d - a +0 ring mail (worn)
Jewellery
 g - an amulet of the acrobat (around neck)
 l - a ring of positive energy (left hand)
Scrolls
 f - a scroll of identify
 j - a scroll of enchant armour {unknown}
Potions
 e - a potion of resistance
 h - 2 potions of ambrosia {unknown}
 m - a potion of curing


   Skills:
 - Level 3.2 Fighting
 + Level 4.6 Axes
 - Level 2.1 Armour
 - Level 0.8 Dodging
 - Level 2.1 Invocations


You had 3 spell levels left.
You didn't know any spells.
Your spell library was empty.

Dungeon Overview and Level Annotations

Branches:
Dungeon (3/15)

Altars:
Nemelex Xobeh
Ru
Sif Muna

Annotations:
D:2 Natasha


Innate Abilities, Weirdness & Mutations

You cannot be hasted, slowed, berserked, paralysed or teleported.
You can dig through walls and to a lower floor.
Your four strong arms can wield two-handed weapons with a shield.
You have a pair of large antennae on your head. (SInv)


Message History

Natasha claws you but does no damage.
You hit Natasha.
Natasha is almost dead.
Natasha stares at you and mumbles some strange words.
The magic dart hits you!
You closely miss Natasha.
Natasha is almost dead.
Natasha claws you.
* * * LOW HITPOINT WARNING * * *
You closely miss Natasha.
Natasha is almost dead.
Natasha claws you but does no damage.
You closely miss Natasha.
Natasha is almost dead.
Natasha claws you!
* * * LOW HITPOINT WARNING * * *
You closely miss Natasha.
Natasha is almost dead.
Natasha claws you!
You die...

#...# #.......[# #...# #######'##
#####..)##################.#
....'...†..................#
#####...#################..#
#.......................#=.#
..#####################.#..######
##(..............# #.#........
#.#############@# #.#'#######
#.#..# #?# #h######......# #.#..#
#.######..[..........# #.#..#
#....................#
#.#(.###.#..................####
#.#......#.####..#####....(.....
#.##.#####.#.(...# #..########
#..........#.#...#####<.# #..
#####........)#...#......# ##'#


You could see Natasha.

Vanquished Creatures
  Jessica (D:2)
  An ooze (D:3)
  2 worms (D:2)
  4 leopard geckos
  4 giant cockroaches
  5 goblins
  6 hobgoblins
  2 jackals (D:1)
  6 kobolds
  A quokka (D:2)
  A ball python (D:1)
  8 bats
  5 frilled lizards
  2 rats (D:1)
48 creatures vanquished.

Notes
Turn   | Place    | Note
-------+----------+-------------------------------------------
     0 | Abyss:1  | PentaManta the Formicid Abyssal Knight began the quest for
                  | the Orb.
     0 | Abyss:1  | Reached XP level 1. HP: 18/18 MP: 2/2
    34 | Abyss:1  | Noticed an eye of devastation
    42 | Abyss:1  | Noticed an iron imp
    53 | Abyss:1  | Noticed a ynoxinul
    54 | Abyss:1  | Noticed a small abomination
    70 | Abyss:1  | Noticed a tentacled starspawn
    71 | D:1      | Escaped the Abyss
   169 | D:1      | Reached XP level 2. HP: 21/24 MP: 3/3
   239 | D:1      | Reached * piety under Lugonu
   286 | D:1      | Reached skill level 3 in Axes
   347 | D:1      | Reached XP level 3. HP: 29/29 MP: 4/4
  1462 | D:2      | Reached ** piety under Lugonu
  1491 | D:2      | Reached skill level 4 in Axes
  1491 | D:2      | Reached XP level 4. HP: 35/35 MP: 5/5
  1494 | D:2      | Found a sacrificial altar of Ru.
  1494 | D:2      | Found a shimmering blue altar of Sif Muna.
  1717 | D:2      | Found a sparkling altar of Nemelex Xobeh.
  1717 | D:2      | Noticed Jessica
  1725 | D:2      | Killed Jessica
  2711 | D:3      | Noticed Natasha
  2733 | D:2      | HP: 1/35 [Natasha (7)]
  2734 | D:2      | Mangled by Natasha

Illustrated notes

Levels and vault maps discovered:
D:1:      lordsloth_arrival_two_stooges, layout_rooms
D:2:      layout_basic, gammafunk_temple_overflow_wave,
          hangedman_abyss_or_decor_lesser_grid, nemelex_lonely_heart_becter
D:3:      layout_basic, lemuel_zombie_altar_kikubaaqudgha, uniq_natasha,
          uniq_grinder

Skill      XL: |  1  2  3 |
---------------+----------+-----
Axes           | 3 4 |  4.6
Fighting       | |  3.2
Armour         | |  2.1
Dodging        | |  0.8
Invocations    | |  2.1

Action                   |  1- 3 |  4- 6 || total
-------------------------+-------+-------++-------
Melee: Hand axe          |    78 |       ||    78
       Spear             |    62 |   104 ||   166
       Dagger            |    17 |       ||    17
Invok: Depart the Abyss  |     1 |       ||     1
 Abil: Dig               |     4 |       ||     4
  Use: Scroll            |     6 |     4 ||    10
Armor: Leather armour    |     7 |       ||     7
       Ring mail         |    58 |    25 ||    83
Dodge: Dodged            |    95 |    33 ||   128

Table legend: (Time is in decaauts)
 A = Elapsed time spent in this place.
 B = Non-inter-level travel time spent in this place.
 C = Inter-level travel time spent in this place.
 D = Time resting spent in this place.
 E = Time spent auto-exploring this place.
 F = Levels seen in this place.
 G = Mean time per level.
                   A        B        C        D        E       F      G
               +--------+--------+--------+--------+--------+-----+--------+
         Total |   2732 |   2690 |     42 |    549 |   1488 |   4 |  683.0 |
       Dungeon |   2660 |   2618 |     42 |    549 |   1488 |   3 |  886.7 |
         Abyss |     71 |     71 |      0 |      0 |      0 |   1 |   71.0 |
               +--------+--------+--------+--------+--------+-----+--------+

Top non-repeatable levels by time:
     D:2: 1757 daAuts
     D:1: 722 daAuts
     D:3: 180 daAuts
 Abyss:1: 71 daAuts
